 Dungeon Crawl Stone Soup version 0.30.0-15-g856e2d3f33 (webtiles) character file.

Game seed: 12419149285549350094

13990 Demosthentine the Fighter (level 11, -21/82 HPs)
             Began as a Demonspawn Gladiator on May 18, 2023.
             Was an Elder of Hepliaklqana.
             Killed from afar by an efreet (28 damage)
             ... with a bolt of fire
             ... in a Gauntlet.
             The game lasted 00:13:14 (10880 turns).

Demosthentine the Fighter (Demonspawn Gladiator)   Turns: 10880, Time: 00:13:15

Health: -21/82     AC: 11    Str: 21    XL:     11   Next: 82%
Magic:  0/16       EV: 19    Int:  9    God:    Hepliaklqana [****..]
Gold:   841        SH:  0    Dex: 21    Spells: 10/10 levels left

rFire   . . .        a - +1 trident (flame)
rCold   . . .        (no shield)
rNeg    . . .        F - +0 troll leather armour
rPois   .            (helmet restricted)
rElec   .            x - +0 cloak
rCorr   .            L - +0 pair of gloves
SInv    .            z - +0 pair of boots
Will    .....        C - amulet of guardian spirit
Stlth   +            y - +6 ring of dexterity
HPRegen 1.13/turn    (no ring)
MPRegen 0.15/turn

%: no teleportation, guardian spirit
@: confused, mighty, ambrosia-drunk, studying Short Blades, unable to drink
A: reduced essence, antennae 2, thin metallic scales 2, condensation shield,
strong 1, inability to drink after injury 1
a: Renounce Religion, Recall Ancestor, Ancestor Identity, Transference, Idealise


You were in a Gauntlet.
You worshipped Hepliaklqana.
Hepliaklqana was greatly pleased with you.
You visited 2 branches of the dungeon, and saw 12 of its levels.
You also visited: Gauntlet.

You collected 841 gold pieces.

Inventory:

Hand Weapons
 a - a +1 trident of flaming (weapon)
Missiles
 d - 7 throwing nets (quivered)
 e - 6 javelins
 g - 37 poisoned darts
 l - 3 silver boomerangs
Armour
 x - a +0 cloak (worn)
 z - a +0 pair of boots (worn)
 F - a +0 troll leather armour (worn)
 L - a +0 pair of gloves (worn)
Jewellery
 y - a +6 ring of dexterity (left hand)
 C - an amulet of guardian spirit (around neck)
 G - the amulet "Lomoe" {Acrobat Harm rCorr Dex+3}
   (You found it in a Gauntlet)

   [amulet of the acrobat]

   It increases your evasion while moving and waiting.
   Dex:       It affects your dexterity (+3).
   rCorr:     It protects you from acid and corrosion.
   Harm:      It increases damage dealt and taken.
Wands
 c - a wand of polymorph (8)
 f - a wand of iceblast (25)
 h - a wand of paralysis (21)
 r - a wand of flame (39)
 D - a wand of quicksilver (2)
Scrolls
 b - a scroll of amnesia
 m - 5 scrolls of teleportation
 u - 4 scrolls of enchant armour
 A - 2 scrolls of fog
 B - a scroll of fear
 E - a scroll of enchant weapon
 J - a scroll of silence
 K - 2 scrolls of blinking
 M - 2 scrolls of identify
Potions
 i - 4 potions of attraction
 j - 4 potions of mutation
 k - 2 potions of curing
 n - 2 potions of ambrosia
 o - 3 potions of brilliance
 p - 3 potions of heal wounds {unknown}
 q - a potion of magic
 s - 3 potions of haste
 t - 7 potions of might
 v - 2 potions of lignification {unknown}
 w - a potion of invisibility {unknown}
 H - a potion of cancellation {unknown}
 I - a potion of degeneration {unknown}


   Skills:
 + Level 10.5 Fighting
 + Level 9.8 Polearms
 - Level 1.7 Throwing
 - Level 6.0 Armour
 + Level 9.9 Dodging
 - Level 4.5 Shields
 + Level 7.2 Invocations


You had 10 spell levels left.
You didn't know any spells.
Your spell library contained the following spells:

 Spells                   Type           Power      Damage    Failure   Level
 Freeze                   Ice            0%         1d3       43%         1
 Blink                    Tloc           0%         N/A       56%         2
 Static Discharge         Conj/Air       0%         2-2/arc   56%         2
 Call Canine Familiar     Summ           0%         N/A       80%         3
 Frozen Ramparts          Ice            0%         1d1       80%         3
 Hailstorm                Conj/Ice       0%         3d3       80%         3
 Portal Projectile        Hex/Tloc       0%         N/A       80%         3
 Airstrike                Air            0%         2d(0-16)  99%         4
 Flame Wave               Conj/Fire      0%         2d4       99%         4
 Leda's Liquefaction      Hex/Erth       0%         N/A       99%         4
 Manifold Assault         Tloc           0%         N/A       99%         4
 Petrify                  Tmut/Erth      0%         N/A       99%         4
 Summon Lightning Spire   Summ/Air       0%         N/A       99%         4
 Lee's Rapid Deconstruct  Erth           0%         3d4*      100%        5
 Metabolic Englaciation   Hex/Ice        0%         N/A       100%        5
 Plasma Beam              Fire/Air       0%         2x1d11    100%        6
 Statue Form              Tmut/Erth      0%         N/A       100%        6
 Storm Form               Tmut/Air       0%         N/A       100%        7


Dungeon Overview and Level Annotations

Branches:
Dungeon (11/15)            Temple (1/1) D:5            Lair (0/5) D:10
Gauntlet (1/1)
    Orc: D:9-12

Altars:
Ashenzari
Cheibriados
Dithmenos
Fedhas
Gozag
Hepliaklqana
Kikubaaqudgha
Makhleb
Nemelex Xobeh
Okawaru
Qazlal
Ru
Sif Muna
Trog
Uskayaw
Vehumet
Wu Jian
Xom
Yredelemnul

Shops:
D:1 (   D:6 (

Annotations:
Gauntlet 7 transporters


Innate Abilities, Weirdness & Mutations

Your life essence is reduced to manifest your ancestor. (-10% HP)
You have a pair of antennae on your head.
You are mostly covered in thin metallic scales. (AC +3)
A meltable shield of frost defends you. (SH +0)
Your muscles are strong. (Str +4, Int/Dex -1)
You occasionally lose the ability to drink potions when taking damage.


Message History

The efreet gestures at you.
The bolt of fire misses you. x2; The bolt of fire hits the efreet.
The efreet completely resists.
There is a transporter landing site, spattered with blood here.
The efreet hits you with a +1 scimitar of flaming.
The efreet burns you.
You hit the efreet. You punch the efreet.
The efreet is lightly wounded.
You hit the efreet.
The efreet is moderately wounded.
The efreet gestures at you.
The fireball explodes!
The fireball engulfs you!!
The fireball engulfs the efreet.
The efreet completely resists.
You puncture the efreet!
The efreet is heavily wounded.
You hit the efreet but do no damage.
The efreet is heavily wounded.
The efreet gestures at you.
The fireball explodes!
The fireball engulfs you!
* * * LOW HITPOINT WARNING * * *
The fireball engulfs the efreet.
The efreet completely resists.
It was a potion of might.
You feel very mighty all of a sudden.
The efreet hits you with a +1 scimitar of flaming!
* * * LOW HITPOINT WARNING * * *
The efreet burns you.
* * * LOW HITPOINT WARNING * * *
Unknown command.
It was a potion of mutation.
You feel extremely strange.
You occasionally lose the ability to drink potions when taking damage.
You feel less energetic.
You feel more energetic.
You feel stronger.
It was a potion of ambrosia.
You are confused.
You feel invigorated. The efreet gestures at you. The bolt of fire hits you!
You feel threatened and lose the ability to drink potions!
* * * LOW HITPOINT WARNING * * *
The bolt of fire hits you!!
You die...

...........≈.............≈#.©.##
.........§≈8≈............∩#.....
.........§.§.............≈#.©.##
##########.§.###########..#...##
...#.#...#...##.......##..#.....
..#...#..#...#.#.....#.#..#.8.##
.##...##)#####..#...#.[#..#...##
#..#.##..#...#...#.#..)#..#.8...
....©.#.©#©.©#.R@©#...©#..#...##
#.†#.##..#...#...#.#...#..#≈8≈#
.##...##.#####..#...#.}#..#####
.R#..R#..#...#.#.....#.#..#
...#.#...#.8.##.......##..###
##########...###########..#8#
..........................###
.........................≈#
###########################


You could see an efreet (slow).

Vanquished Creatures
  A hell hog (Gauntlet)
  Amaemon (D:10)
  Pikel (D:5)
  A cyclops (D:9)
  2 gargoyles (D:10)
  An unseen horror (D:10)
  The ghost of howech the Sneak, a novice OpBr (D:5)
  2 trolls (D:11)
  A vampire (D:11)
  A fire elemental (Gauntlet)
  A wyvern (D:9)
  6 yaks (D:10)
  Grum (D:9)
  A fire bat (Gauntlet)
  A steam dragon (D:9)
  3 hell hounds (Gauntlet)
  2 water moccasins (D:7)
  An orc warrior (D:10)
  3 black bears (D:10)
  3 ice beasts
  A sky beast (D:5)
  2 ogres
  11 centaurs
  3 lemures (D:5)
  3 wolves (D:9)
  2 phantoms (D:4)
  3 kobold brigands
  6 bullfrogs
  4 scorpions
  3 howler monkeys
  2 jellies (D:7)
  3 gnoll boudas
  7 orc priests
  2 hounds
  An iguana (D:6)
  Natasha (thrice) (D:2)
  6 orc wizards
  9 gnolls
  3 adders
  A shadow imp (D:8)
  2 white imps
  2 ufetubi
  A worm (D:3)
  3 dart slugs
  26 orcs
  8 ball pythons
  6 bats
  8 endoplasms
  4 giant cockroaches
  10 goblins
  8 hobgoblins
  11 jackals
  14 kobolds
  4 quokkas
  2 frilled lizards
  9 rats
  A spectral orc (D:7)
228 creatures vanquished.

Vanquished Creatures (collateral kills)
  Erica (D:8)
  A two-headed ogre (D:11)
  A deep elf pyromancer (D:9)
  An orange demon (D:10)
  An ice devil (Gauntlet)
  A troll (D:10)
  2 fire bats (Gauntlet)
  A water moccasin (D:10)
  3 orc warriors
  A wolf (D:9)
  3 centaurs
  A kobold brigand (D:8)
  2 phantoms
  A bullfrog (D:7)
  A scorpion (D:7)
  An orc priest (D:8)
  A sleepcap (D:7)
  6 orc wizards
  3 gnolls
  3 white imps (Gauntlet)
  6 orcs
  A kobold (D:10)
42 creatures vanquished.

Vanquished Creatures (others)
  A hornet (D:8)
  5 hexers
6 creatures vanquished.

Grand Total: 276 creatures vanquished

Notes
Turn   | Place    | Note
-------+----------+-------------------------------------------
     0 | D:1      | Demosthentine the Demonspawn Gladiator began the quest for
                  | the Orb.
     0 | D:1      | Reached XP level 1. HP: 16/16 MP: 1/1
   112 | D:1      | Gained mutation: You are partially covered in thin metallic
                  | scales. (AC +2) [demonic ancestry]
   112 | D:1      | Reached XP level 2. HP: 22/22 MP: 2/2
   467 | D:1      | Reached skill level 1 in Armour
   490 | D:1      | Reached XP level 3. HP: 28/28 MP: 3/3
   505 | D:1      | Found Hiny's Weapon Boutique.
   932 | D:1      | Reached skill level 5 in Fighting
   932 | D:1      | Reached skill level 5 in Polearms
   932 | D:1      | Reached skill level 5 in Dodging
   932 | D:1      | Reached XP level 4. HP: 40/40 MP: 4/4
  1070 | D:2      | Noticed Natasha
  1080 | D:2      | Killed Natasha
  1104 | D:2      | Noticed Natasha
  1113 | D:2      | Killed Natasha
  1114 | D:2      | Gained mutation: A meltable shield of frost defends you.
                  | (SH +0) [demonic ancestry]
  1114 | D:2      | Reached XP level 5. HP: 34/46 MP: 5/5
  1374 | D:2      | Noticed Natasha
  1416 | D:2      | Killed Natasha
  1625 | D:2      | Reached skill level 7 in Fighting
  1625 | D:2      | Gained mutation: You are mostly covered in thin metallic
                  | scales. (AC +3) [demonic ancestry]
  1625 | D:2      | Reached XP level 6. HP: 56/56 MP: 6/6
  2328 | D:3      | Found a faded altar of an unknown god.
  2533 | D:4      | Reached XP level 7. HP: 39/61 MP: 7/7
  3103 | D:5      | Entered Level 5 of the Dungeon
  3128 | D:5      | Found a snail-covered altar of Cheibriados.
  3204 | D:5      | Noticed Pikel
  3248 | D:5      | Killed Pikel
  3249 | D:5      | Reached skill level 8 in Fighting
  3249 | D:5      | Gained mutation: You have a pair of small antennae on your
                  | head. [demonic ancestry]
  3249 | D:5      | Reached XP level 8. HP: 39/68 MP: 8/8
  3381 | D:5      | Found a staircase to the Ecumenical Temple.
  3397 | Temple   | Entered the Ecumenical Temple
  3561 | Temple   | Became a worshipper of Hepliaklqana the Forgotten
  3806 | D:5      | Reached skill level 5 in Armour
  3970 | D:5      | Found a runed translucent door.
  4601 | D:5      | Noticed howech's ghost (novice OpBr)
  4611 | D:5      | Killed howech's ghost
  4819 | D:6      | Reached XP level 9. HP: 60/74 MP: 9/9
  4895 | D:6      | Reached * piety under Hepliaklqana
  5080 | D:6      | Identified the +4 spear of Crusades {drain, rN+ SInv
                  | Stlth+}
  5368 | D:6      | Identified the +0 short sword "Ympof" {freeze, Int+3}
  5409 | D:6      | Found Teucopiv's Antique Weapon Shop.
  5765 | D:7      | You fall into a shaft and drop 1 floor!
  5809 | D:7      | Got the Lectures on Fulgurous Conjuring
  5863 | D:7      | Found an ancient bone altar of Kikubaaqudgha.
  5864 | D:7      | Found an ornate altar of the Wu Jian Council.
  5864 | D:7      | Found a bloodstained altar of Trog.
  5865 | D:7      | Found a blossoming altar of Fedhas.
  6034 | D:7      | Found an opulent altar of Gozag.
  6077 | D:7      | Identified the +5 hand axe of Xentos {freeze, +Blink rElec}
  6150 | D:7      | Found a basalt altar of Yredelemnul.
  6689 | D:8      | Reached ** piety under Hepliaklqana
  6690 | D:8      | Remembered your ancestor Milos as a hexer
  6771 | D:8      | Noticed Erica
  6776 | D:8      | Killed Erica
  6873 | D:8      | Reached XP level 10. HP: 36/73 MP: 6/10
  7065 | D:8      | Reached skill level 1 in Invocations
  7377 | D:8      | Found a shadowy altar of Dithmenos.
  7716 | D:9      | Noticed Grum
  7723 | D:9      | Reached skill level 9 in Fighting
  7748 | D:9      | Killed Grum
  7970 | D:9      | Noticed a cyclops
  7987 | D:9      | Killed a cyclops
  8090 | D:9      | Noticed a deep elf pyromancer
  8093 | D:9      | Killed a deep elf pyromancer
  8213 | D:9      | Found a snail-covered altar of Cheibriados.
  8422 | D:10     | Entered Level 10 of the Dungeon
  8425 | D:10     | Noticed a gargoyle
  8599 | D:10     | Killed a gargoyle
  8693 | D:10     | Reached *** piety under Hepliaklqana
  8744 | D:10     | Gained mutation: You have a pair of antennae on your head.
                  | [demonic ancestry]
  8744 | D:10     | Reached XP level 11. HP: 70/80 MP: 11/14
  8808 | D:10     | Reached skill level 5 in Invocations
  8862 | D:10     | Found a staircase to the Lair.
  9247 | D:10     | Reached skill level 10 in Fighting
  9273 | D:10     | Noticed Amaemon
  9280 | D:10     | Killed Amaemon
 10240 | D:11     | Noticed a two-headed ogre
 10247 | D:11     | Killed a two-headed ogre
 10347 | D:11     | Found a gate leading to a gauntlet.
 10356 | Gauntlet | Entered a Gauntlet
 10356 | Gauntlet | Found a transporter.
 10356 | Gauntlet | Found a transporter.
 10359 | Gauntlet | Found a transporter.
 10360 | Gauntlet | Found a transporter.
 10362 | Gauntlet | Found a transporter.
 10364 | Gauntlet | Noticed a hell hog
 10370 | Gauntlet | Found a transporter.
 10374 | Gauntlet | Found a transporter.
 10381 | Gauntlet | Noticed a death drake
 10384 | Gauntlet | Found a transporter.
 10392 | Gauntlet | Reached **** piety under Hepliaklqana
 10393 | Gauntlet | Found a transporter.
 10410 | Gauntlet | Found a transporter.
 10414 | Gauntlet | Found a transporter.
 10424 | Gauntlet | Found a transporter.
 10700 | Gauntlet | Killed a hell hog
 10836 | Gauntlet | Identified the amulet "Lomoe" {Acrobat Harm rCorr Dex+3}
 10879 | Gauntlet | Gained mutation: You occasionally lose the ability to drink
                  | potions when taking damage. [potion of mutation]
 10879 | Gauntlet | Gained mutation: Your magical capacity is low. (-10% MP)
                  | [potion of mutation]
 10879 | Gauntlet | Lost mutation: Your magical capacity is low. (-10% MP)
                  | [potion of mutation]
 10879 | Gauntlet | Gained mutation: Your muscles are strong. (Str +4, Int/Dex
                  | -1) [potion of mutation]
 10880 | Gauntlet | Killed from afar by an efreet

Illustrated notes

Levels and vault maps discovered:
D:1:      wander_arrival_peaceful_grave, layout_basic, serial_shops,
          nicolae_shop_getting_attention, chequers_serial_rivers_marsh
D:2:      layout_rooms, uniq_natasha
D:3:      layout_basic, nicolae_overflow_ecumenical_swirl
D:4:      layout_rooms
D:5:      layout_loops_corners, mainiacjoe_overflow_alcove_2,
          minmay_temple_entry_butterflies, serial_rivers,
          chequers_serial_rivers_large_a, chequers_serial_rivers_room_a,
          chequers_serial_rivers_small_b, chequers_serial_rivers_micro_d,
          chequers_serial_rivers_micro_c, ebering_ghost_reflecting_pool,
          kennysheep_generic_room_8, uniq_pikel
D:6:      layout_basic, serial_shops, shop
D:7:      layout_basic, mainiacjoe_overflow_alcove_1,
          yredelemnul_forgotten_temple_becter,
          chequers_temple_overflow_statue_of_worship,
          nicolae_kite_square_tiling_tiny
D:8:      layout_cave_pools, mainiacjoe_overflow_alcove_4, st_stairs_13,
          minmay_manual_mares, uniq_erica
D:9:      layout_basic, minmay_ruined_shrine, uniq_grum
D:10:     layout_basic, due_lair_maze_entry_diamond, minmay_strange_pillars,
          uniq_amaemon
D:11:     layout_loops_ring, gauntlet_entry_generic, nzn_life_drinkers
Temple:   hellmonk_temple_forest_ring
Gauntlet: gammafunk_gauntlet_hard_choice [gammafunk_gauntlet_arena_arrow_garden,
          nicolae_gauntlet_arena_grate_2, gammafunk_gauntlet_arena_chambers,
          nicolae_gauntlet_arena_quarters, nicolae_gauntlet_arena_x,
          gammafunk_gauntlet_arena_hedges, gauntlet_exit_green]

Skill      XL: |  1  2  3  4  5  6  7  8  9 10 11 |
---------------+----------------------------------+-----
Polearms       | 3 5 7 8 9 |  9.8
Dodging        | 3 5 7 8 9 |  9.9
Armour         | 1 4 5 6 |  6.0
Fighting       | 5 7 8 9 10 | 10.5
Shields        | 4 |  4.5
Invocations    | 4 7 |  7.2
Throwing       | |  1.7

Action                     |  1- 3 |  4- 6 |  7- 9 | 10-12 || total
---------------------------+-------+-------+-------+-------++-------
  Melee: Trident           |    86 |   183 |   351 |   506 ||  1126
         Punch             |     1 |     3 |     4 |    10 ||    18
  Throw: Throwing net      |       |       |     1 |     2 ||     3
 Invoke: Recall Ancestor   |       |       |     1 |       ||     1
         Ancestor Life: He |       |       |     1 |       ||     1
    Use: Scroll            |     3 |     5 |     9 |     6 ||    23
         Potion            |     1 |     1 |     1 |     5 ||     8
   Stab: Sleeping          |     2 |       |     7 |       ||     9
         Held in net/web   |       |       |     1 |     1 ||     2
         Confused          |       |       |       |    14 ||    14
         Distracted        |       |       |       |    13 ||    13
 Armour: Leather armour    |    20 |    37 |    73 |    18 ||   148
         Steam dragon scal |       |       |       |    29 ||    29
         Troll leather arm |       |       |       |    54 ||    54
  Dodge: Dodged            |    42 |    79 |   209 |   344 ||   674
  Block: Other             |       |    19 |    42 |    56 ||   117
